[Event "FIDE World Cup G12-B 2024"]
[Site "Batumi"]
[Date "2024.06.27"]
[Round "5.1"]
[White "Sreekarthika Velmurugan"]
[Black "Gunawardhana, Devindya Oshini"]
[Result "0-1"]
[ECO "C55"]
[WhiteElo "1838"]
[BlackElo "1980"]
[Annotator "NA RC"]
[PlyCount "146"]
[EventDate "2024.06.23"]
[EventType "swiss"]
[EventCountry "GEO"]
[SourceTitle "playchess.com"]
[Source "ChessBase"]
[SourceQuality "1"]
[TimeControl "5400+30"]

1. e4 e5 2. Bc4 Nf6 3. d3 Nc6 4. Nf3 Be7 5. c3 O-O 6. Nbd2 d6 7. Bb3 Na5 8. Bc2 c5 9. O-O Nc6 10. Re1 h6 {[%emt 0:00:18] C55: Two Knights: 4 d3, 4 d4 exd4 5 e5 and Max Lange Attack.} 11. Nf1 Re8 12. Ng3 Bf8 13. h3 Be6 14. d4 cxd4 15. cxd4 exd4 16. Nxd4 Nxd4 17. Qxd4 Rc8 18. Ba4 b5 19. Bb3 (19. Bxb5 $2 {loses.} Qa5 $19) 19... a5 20. Bxe6 Rxe6 21. Bf4 Qe8 22. Qd3 $11 d5 23. e5 Rc4 24. Ne2 Nd7 25. b3 Rc8 26. Nd4 Nc5 27. Qe2 Rb6 28. Rac1 b4 29. Nf5 Ne4 30. Nxh6+ Rxh6 31. Bxh6 Nc3 32. Qg4 Qe6 33. Qxe6 fxe6 34. Bd2 d4 35. Kf1 Rd8 36. Bxc3 dxc3 37. Red1 Ra8 38. Ke2 Bc5 39. Rd3 Kh7 40. f4 Rf8 41. Rf3 Rd8 42. Rc2 Rd4 43. g3 Re4+ 44. Kd1 Rd4+ 45. Kc1 Re4 46. Rf1 Be3+ 47. Kd1 Rd4+ 48. Ke2 Bd2 49. Rd1 Re4+ 50. Kf3 Re3+ 51. Kf2 Rd3 52. h4 Kg8 53. Rcxd2 cxd2 54. Ke2 Rxg3 55. Rxd2 Kf7 56. Rc2 Kg6 57. Kd1 Rg1+ 58. Kd2 Rg2+ 59. Kd3 Rxc2 60. Kxc2 Kf5 61. Kd3 Kxf4 62. Kd4 g6 63. Kc5 Kxe5 64. Kb5 Kd4 65. Kxa5 e5 66. Kxb4 e4 67. a4 e3 68. a5 e2 69. a6 e1=Q+ 70. Kb5 Qxh4 71. a7 Qd8 72. Ka6 Qc8+ 73. Kb6 Kc3 0-1

[Event "FIDE World Cup G12-B 2024"]
[Site "Batumi"]
[Date "2024.06.27"]
[Round "5.2"]
[White "Pavithra R V"]
[Black "Pratitee Bordoloi"]
[Result "0-1"]
[ECO "B11"]
[WhiteElo "1614"]
[BlackElo "1796"]
[Annotator "NA RC"]
[PlyCount "134"]
[EventDate "2024.06.23"]
[EventType "swiss"]
[EventCountry "GEO"]
[SourceTitle "playchess.com"]
[Source "ChessBase"]
[SourceQuality "1"]
[TimeControl "5400+30"]

1. e4 c6 2. Nc3 d5 3. Qf3 d4 4. Bc4 e6 5. Nce2 c5 6. c3 Nc6 7. cxd4 cxd4 8. Bb5 Nge7 9. a3 a6 10. Ba4 b5 11. Bb3 Ng6 12. d3 Qa5+ 13. Bd2 Bb4 14. Rd1 Bxd2+ 15. Rxd2 Bd7 16. Qg3 h5 17. Nf3 Qb6 18. Qd6 O-O-O 19. h4 Kb7 20. Qg3 Rh6 21. Ng5 Nh8 22. Nf4 Ne7 23. Bd1 g6 24. Bf3 Ka7 25. Ngh3 f6 26. Ke2 Nf7 27. Rc1 Ne5 28. Rdc2 Rc8 29. Rxc8 Nxc8 30. Ng1 Nd6 31. Nfh3 Rh8 32. Qf4 Rf8 33. b4 Qd8 34. g3 Ndf7 35. Qd2 Nc6 36. Nf4 Nfe5 37. Bg2 Qe7 38. Nf3 Qf7 39. Qc2 Rc8 40. Qc5+ Kb7 41. Qd6 Qf8 42. Qxf8 Rxf8 43. Nd2 g5 44. Nxh5 gxh4 45. gxh4 Ng6 46. Nb3 Nxh4 47. Bh1 e5 48. Nc5+ Kc7 49. Nxd7 Kxd7 50. Rg1 Ne7 51. f4 Nhg6 52. f5 Nf4+ 53. Nxf4 exf4 54. Kf3 Nc6 55. Rg7+ Kd6 56. Kxf4 Ne5 57. Ra7 Nxd3+ 58. Kf3 Ne5+ 59. Kf2 d3 60. Rxa6+ Kc7 61. Ke3 Rd8 62. Kd2 Nc4+ 63. Kd1 d2 64. Bf3 Ne3+ 65. Ke2 d1=Q+ 66. Kxe3 Rd3+ 67. Kf4 Qxf3# 0-1

[Event "FIDE World Cup G12-B 2024"]
[Site "Batumi"]
[Date "2024.06.27"]
[Round "5.3"]
[White "Amanzhol, Khanzada"]
[Black "Li, Sophie"]
[Result "1-0"]
[ECO "C45"]
[WhiteElo "1685"]
[BlackElo "1764"]
[Annotator "NA RC"]
[PlyCount "77"]
[EventDate "2024.06.23"]
[EventType "swiss"]
[EventCountry "GEO"]
[SourceTitle "playchess.com"]
[Source "ChessBase"]
[SourceQuality "1"]
[TimeControl "5400+30"]

1. e4 e5 2. Nf3 Nc6 3. d4 exd4 4. Nxd4 Bb4+ 5. c3 Bc5 6. Nxc6 bxc6 7. Bd3 d6 8. O-O Nf6 9. Nd2 O-O 10. Nb3 Bb6 11. Bg5 h6 12. Bh4 Re8 13. Re1 Be6 14. Nd4 g5 15. Bg3 Qd7 16. Nxe6 Qxe6 17. e5 dxe5 18. Rxe5 Qd7 19. Rf5 Ne4 20. Qf3 Nd2 21. Qh5 Qe6 22. h4 Rad8 23. Bc2 gxh4 24. Bxh4 Rd5 25. Rd1 Ne4 26. Rdxd5 cxd5 27. Bxe4 dxe4 28. Bf6 Kh7 29. Be5 Kg8 30. Qg4+ Qg6 31. Qxe4 Rd8 32. Qf3 c6 33. Rf4 Rd2 34. Rg4 Bxf2+ 35. Kh2 Qg5 36. Rxg5+ hxg5 37. Qf6 Kf8 38. Bd6+ Kg8 39. Qxg5+ 1-0

[Event "FIDE World Cup G12-B 2024"]
[Site "Batumi"]
[Date "2024.06.27"]
[Round "5.4"]
[White "Xu, Luna Yuexiu"]
[Black "Abylaykyzy, Bibisara"]
[Result "1-0"]
[ECO "B84"]
[WhiteElo "1761"]
[BlackElo "1577"]
[Annotator "NA RC"]
[PlyCount "55"]
[EventDate "2024.06.23"]
[EventType "swiss"]
[EventCountry "GEO"]
[SourceTitle "playchess.com"]
[Source "ChessBase"]
[SourceQuality "1"]
[TimeControl "5400+30"]

1. e4 c5 2. Nf3 d6 3. d4 cxd4 4. Nxd4 Nf6 5. Nc3 a6 6. f4 e6 7. Be2 Nbd7 8. Be3 b5 9. a3 Bb7 10. Bf3 Rc8 11. O-O Qc7 12. Qe1 Nb6 13. e5 dxe5 14. fxe5 Bxf3 15. exf6 Bb7 16. Rd1 gxf6 17. Rxf6 Rg8 18. g3 Be7 19. Bf4 Qc5 20. Rxf7 Rg6 21. Rxh7 Nd7 22. Rh8+ Nf8 23. Qe5 Qb6 24. Bh6 Bf6 25. Rxf8+ Ke7 26. Rxf6 Rxf6 27. Bg5 Rcf8 28. Rf1 1-0

[Event "FIDE World Cup G12-B 2024"]
[Site "Batumi"]
[Date "2024.06.27"]
[Round "5.5"]
[White "QUICKPEN, Deborah Ebimobo-ere"]
[Black "Amin-Erdene, Tsengel"]
[Result "0-1"]
[ECO "B43"]
[WhiteElo "2048"]
[BlackElo "1491"]
[Annotator "NA RC"]
[PlyCount "128"]
[EventDate "2024.06.23"]
[EventType "swiss"]
[EventCountry "GEO"]
[SourceTitle "playchess.com"]
[Source "ChessBase"]
[SourceQuality "1"]
[TimeControl "5400+30"]

1. e4 c5 2. Nf3 e6 3. d4 cxd4 4. Nxd4 a6 5. Nc3 Qc7 6. a3 Nf6 7. Be3 {[%emt 0:00:59] 7.f4 gains popularity.} Be7 {[%emt 0:01:17] B43: Sicilian: Kan Variation: 5 Nc3.} 8. Be2 O-O 9. O-O b5 10. f3 Bb7 11. Qd2 d6 12. Rfd1 Nbd7 13. Qe1 Nb6 $146 ({Predecessor:} 13... Rac8 14. Qg3 Kh8 15. Nb3 Ne5 16. Nd2 Ng6 17. f4 Rfd8 18. Bf3 d5 19. e5 d4 20. exf6 Bxf6 21. Bxd4 Bxd4+ {0-1 Trzaskowska,H (1540)-Czarnecka,L (1901) POL-ch rapid (Women) 2020 (6)}) 14. Qg3 Kh8 15. Kh1 Nfd7 16. Rac1 Ne5 17. Qe1 (17. Bg1 $11) 17... Nbc4 18. Bxc4 Nxc4 19. Rb1 $1 Rac8 20. Rd3 Rfd8 21. Bf2 Bf6 22. Nce2 d5 23. exd5 Bxd5 (23... Rxd5 $142 24. Nc3 Rh5) 24. Bg3 Qb6 25. c3 (25. Bf2 $17) 25... e5 26. Nc2 e4 27. fxe4 $19 Bxe4 28. Rxd8+ Rxd8 29. Ned4 Bxd4 30. Qxe4 Nd2 31. Qf5 Nxb1 32. Nxd4 Nd2 33. h4 Qg6 34. Qe5 Ne4 35. Be1 Nf6 36. Qf4 Re8 37. Bf2 Ng4 38. Bg1 h6 39. Nf5 Re5 40. Nd4 Rh5 41. g3 Re5 42. Kg2 Qe4+ 43. Qxe4 Rxe4 44. Kf3 Nf6 45. Be3 Re7 46. Nf5 Re5 47. Nd6 Kg8 48. Nb7 Rf5+ 49. Ke2 Ne4 50. g4 Rd5 51. Bd4 Nd6 52. Nc5 a5 53. b3 f5 54. g5 hxg5 55. hxg5 Kf7 56. Kf3 b4 57. axb4 axb4 58. Nd7 bxc3 59. Ne5+ Ke6 60. Bxc3 Rxe5 61. Bxe5 Kxe5 62. b4 g6 63. Ke3 f4+ 64. Kd3 Kf5 0-1

[Event "FIDE World Cup G12-B 2024"]
[Site "Batumi"]
[Date "2024.06.27"]
[Round "5.6"]
[White "Bassari, Senem Gul"]
[Black "Bakhshizada, Asnad"]
[Result "1-0"]
[ECO "C01"]
[WhiteElo "1768"]
[BlackElo "1748"]
[Annotator "NA RC"]
[PlyCount "146"]
[EventDate "2024.06.23"]
[EventType "swiss"]
[EventCountry "GEO"]
[SourceTitle "playchess.com"]
[Source "ChessBase"]
[SourceQuality "1"]
[TimeControl "5400+30"]

1. e4 e6 2. d4 d5 3. exd5 exd5 4. Nf3 Nf6 5. Bd3 Bd6 6. Bg5 h6 7. Bh4 O-O 8. O-O Bg4 9. Nbd2 Nbd7 10. c4 c6 11. Qc2 Rc8 12. c5 Bb8 13. Rfe1 Re8 14. h3 Bxf3 15. Bxf6 Nxf6 16. Nxf3 Qa5 17. Ne5 b6 18. Bf5 Rc7 19. cxb6 axb6 20. Re2 Rce7 21. Re3 Bxe5 22. dxe5 Rxe5 23. Rxe5 Rxe5 24. Qxc6 Qb4 25. Qc8+ Re8 26. Qc2 Qf4 27. Rd1 Qe5 28. a4 Qe2 29. b4 Qa6 30. Bd3 Qa7 31. Bb5 Rd8 32. Qf5 Qe7 33. Qf4 Ne4 34. Bd3 Nc3 35. Ra1 d4 36. Qf5 g6 37. Qf4 Kg7 38. a5 Qxb4 39. Qe5+ Kg8 40. Qc7 Ra8 41. a6 Qc5 42. Qb7 Qf8 43. Bc4 Rb8 44. Bxf7+ Kg7 45. Qc7 Qd8 46. Qxd8 Rxd8 47. a7 Ra8 48. Bc4 Kf6 49. g3 Ke5 50. Bf1 Kd6 51. Bg2 Nd5 52. Kf1 d3 53. Ke1 Re8+ 54. Kd2 Nc7 55. a8=Q Nxa8 56. Bxa8 Re2+ 57. Kxd3 Rxf2 58. Rc1 Kd7 59. Ke3 Ra2 60. Be4 Ra3+ 61. Kf4 g5+ 62. Kg4 h5+ 63. Kxg5 Rxg3+ 64. Kh4 Ra3 65. Bf5+ Kd6 66. Kxh5 b5 67. Kg5 b4 68. h4 b3 69. Rb1 Kc5 70. h5 Kd4 71. h6 Kc3 72. h7 Ra8 73. Rh1 Rh8 1-0

[Event "FIDE World Cup G12-B 2024"]
[Site "Batumi"]
[Date "2024.06.27"]
[Round "5.7"]
[White "Gao, Lilianna"]
[Black "Vazquez Sanchez, Antia"]
[Result "0-1"]
[ECO "D87"]
[WhiteElo "1646"]
[BlackElo "1607"]
[Annotator "NA RC"]
[PlyCount "116"]
[EventDate "2024.06.23"]
[EventType "swiss"]
[EventCountry "GEO"]
[SourceTitle "playchess.com"]
[Source "ChessBase"]
[SourceQuality "1"]
[TimeControl "5400+30"]

1. d4 Nf6 2. c4 g6 3. Nc3 d5 4. cxd5 Nxd5 5. e4 Nxc3 6. bxc3 Bg7 7. Bc4 c5 8. Ne2 O-O 9. O-O Nc6 10. Be3 b6 11. Rc1 Bb7 12. Bb5 Qc7 13. Bf4 e5 14. Bg3 Na5 15. d5 Rfd8 16. c4 Bc8 17. f4 f5 18. fxe5 Bxe5 19. d6 Bxd6 20. Qd5+ Kg7 21. Qxa8 Bxg3 22. Rcd1 Bxh2+ 23. Kh1 Bd6 24. e5 Bxe5 25. Qf3 a6 26. Ba4 Nxc4 27. Rxd8 Qxd8 28. Rd1 Nd6 29. Bc2 Qh4+ 30. Qh3 Qc4 31. Qd3 Qh4+ 32. Qh3 Qxh3+ 33. gxh3 f4 34. Kg2 Bb7+ 35. Kf2 Kf6 36. Ng1 Bd4+ 37. Ke2 Nb5 38. Rf1 Be3 39. Kd3 Nd4 40. Nf3 Nxf3 41. Bb3 Ne5+ 42. Ke2 a5 43. Re1 Ba6+ 44. Kd1 Nd3 45. Rxe3 fxe3 46. Ke2 Nc1+ 47. Kxe3 Nxb3 48. axb3 Kf5 49. Kf3 c4 50. bxc4 Bxc4 51. h4 a4 52. Kg3 a3 53. Kf3 a2 54. Ke3 a1=Q 55. Kf3 Qf1+ 56. Kg3 Bd5 57. h5 Qg2+ 58. Kh4 Qh2# 0-1

[Event "FIDE World Cup G12-B 2024"]
[Site "Batumi"]
[Date "2024.06.27"]
[Round "5.8"]
[White "Shomanova, Adiya"]
[Black "Nakashidze, Nino"]
[Result "1-0"]
[ECO "C51"]
[WhiteElo "1542"]
[BlackElo "1618"]
[Annotator "NA RC"]
[PlyCount "91"]
[EventDate "2024.06.23"]
[EventType "swiss"]
[EventCountry "GEO"]
[SourceTitle "playchess.com"]
[Source "ChessBase"]
[SourceQuality "1"]
[TimeControl "5400+30"]

1. e4 e5 2. Nf3 Nc6 3. Bc4 Bc5 4. b4 Bxb4 5. c3 Bc5 6. d4 exd4 7. O-O h6 8. cxd4 Bb6 9. Be3 Nge7 10. Nc3 d6 11. Qe2 O-O 12. h3 Bd7 13. Rad1 a6 14. Nh4 Kh8 15. Qh5 Qe8 16. f4 f6 17. Qf3 f5 18. Nd5 Nxd5 19. Bxd5 Ne7 20. Bxb7 Ra7 21. Bd5 Nxd5 22. exd5 Qf7 23. Rfe1 Raa8 24. g3 Rae8 25. Kf2 Kh7 26. g4 fxg4 27. hxg4 a5 28. f5 Qf6 29. Ng6 Rf7 30. Qf4 Rg8 31. Rh1 Re8 32. Rh3 Kg8 33. Rg3 Rb8 34. Rb1 Re8 35. Rbg1 Rb8 36. Rb1 Re8 37. Rf3 Rb8 38. Kg2 Re8 39. Rd1 Rb8 40. Bf2 Qd8 41. Bh4 Qe8 42. Re1 Qc8 43. Ne7+ Rxe7 44. Rxe7 Qb7 45. Rxd7 Qxd5 46. f6 1-0

[Event "FIDE World Cup G12-B 2024"]
[Site "Batumi"]
[Date "2024.06.27"]
[Round "5.9"]
[White "Lu, Yichen"]
[Black "Tereshchenko, Eliza"]
[Result "1/2-1/2"]
[ECO "B36"]
[WhiteElo "1561"]
[BlackElo "1694"]
[Annotator "NA RC"]
[PlyCount "132"]
[EventDate "2024.06.23"]
[EventType "swiss"]
[EventCountry "GEO"]
[SourceTitle "playchess.com"]
[Source "ChessBase"]
[SourceQuality "1"]
[TimeControl "5400+30"]

1. e4 c5 2. Nf3 Nc6 3. d4 cxd4 4. Nxd4 g6 5. c4 Nf6 6. Nc3 Nxd4 7. Qxd4 d6 8. Be2 Bg7 9. O-O O-O 10. Qd3 a5 11. Nd5 a4 12. a3 Re8 13. Rd1 Nd7 14. Qc2 b6 15. Be3 Bb7 16. Rab1 Nc5 17. Bxc5 bxc5 18. Bf3 Be5 19. Ne3 Qc7 20. Nd5 Bxd5 21. Rxd5 e6 22. Rd3 Qe7 23. g3 Reb8 24. b3 axb3 25. Rdxb3 Rxb3 26. Rxb3 Qa7 27. Kg2 Kg7 28. Be2 Rd8 29. f4 Bd4 30. Bf3 Qa5 31. Qc1 Qa4 32. Bd1 Ra8 33. Qc2 Qa5 34. Kf1 Qd8 35. Kg2 Ra5 36. Bf3 Qc7 37. Qd3 Ra4 38. Qc2 Qa7 39. Qd3 Qa6 40. Be2 Qa5 41. Kf1 Qa7 42. Bf3 Qa6 43. Be2 Qa8 44. Bf3 Qa5 45. Be2 h6 46. Bd1 Qa7 47. Bf3 Qa5 48. Be2 Qa6 49. Kg2 Qa7 50. Bf3 Ra5 51. Kf1 Qe7 52. Kg2 Ra7 53. Qb1 Qd7 54. Kf1 h5 55. Kg2 Qa4 56. Qd3 Qd7 57. Qb1 Qe7 58. Kf1 Qf6 59. Kg2 h4 60. Qc1 hxg3 61. hxg3 e5 62. Rb8 Rd7 63. Bg4 Rd8 64. Rxd8 Qxd8 65. f5 g5 66. Bf3 Qe7 1/2-1/2

[Event "FIDE World Cup G12-B 2024"]
[Site "Batumi"]
[Date "2024.06.27"]
[Round "5.10"]
[White "Kvirkvelia, Anastasia"]
[Black "Siddhi Rao"]
[Result "0-1"]
[ECO "A07"]
[WhiteElo "1440"]
[BlackElo "1601"]
[Annotator "NA RC"]
[PlyCount "34"]
[EventDate "2024.06.23"]
[EventType "swiss"]
[EventCountry "GEO"]
[SourceTitle "playchess.com"]
[Source "ChessBase"]
[SourceQuality "1"]
[TimeControl "5400+30"]

1. g3 d5 2. Bg2 e5 3. d3 Nf6 4. Nf3 Nbd7 5. O-O Bc5 6. Bd2 e4 7. dxe4 dxe4 8. Nh4 Ne5 9. Nc3 Neg4 10. e3 g5 11. h3 gxh4 12. hxg4 Bxg4 13. Qe1 Qe7 14. gxh4 Bf3 15. a3 Rg8 16. Ne2 Rxg2+ 17. Kh1 Ng4 0-1

[Event "FIDE World Cup G12-B 2024"]
[Site "Batumi"]
[Date "2024.06.27"]
[Round "5.11"]
[White "Rusitashvili, Tea"]
[Black "Chiokadze, Barbare"]
[Result "1/2-1/2"]
[ECO "B51"]
[WhiteElo "1535"]
[BlackElo "1461"]
[Annotator "NA RC"]
[PlyCount "126"]
[EventDate "2024.06.23"]
[EventType "swiss"]
[EventCountry "GEO"]
[SourceTitle "playchess.com"]
[Source "ChessBase"]
[SourceQuality "1"]
[TimeControl "5400+30"]

1. e4 c5 2. Nf3 Nc6 3. Bb5 d6 4. O-O Nf6 5. Re1 e5 6. c3 Be7 7. d4 exd4 8. cxd4 cxd4 9. Nxd4 Bd7 10. Nc3 O-O 11. Bf4 Qb6 12. Be3 Qc7 13. Rc1 a6 14. Ba4 Qd8 15. f3 Rc8 16. Qd2 Ne5 17. Bxd7 Qxd7 18. Nf5 Nc4 19. Qf2 Nxe3 20. Qxe3 Bd8 21. Red1 Rc6 22. Kh1 h6 23. Qd3 Bc7 24. Qd4 Qd8 25. Nd5 Kh7 26. Nfe7 Rxc1 27. Rxc1 Nxd5 28. Nxd5 Bb8 29. g3 Qa5 30. a3 f5 31. Ne7 f4 32. g4 Qd8 33. Nf5 Qd7 34. Qd2 Qe6 35. Qxf4 d5 36. Qd2 dxe4 37. Qd4 Qe5 38. Qxe5 Bxe5 39. fxe4 Bxb2 40. Rc7 Re8 41. Rxb7 Bc3 42. Rb3 Bf6 43. Re3 Be5 44. Kg2 Rc8 45. Re2 Rc3 46. Ne3 Bf6 47. e5 Bd8 48. Nd5 Rc5 49. Nf4 Be7 50. Re3 Ra5 51. Kf3 Rxa3 52. Rxa3 Bxa3 53. Ke4 Kg8 54. e6 g5 55. Nd5 Kf8 56. Ke5 a5 57. Kf6 a4 58. e7+ Bxe7+ 59. Kg6 Bd6 60. h3 a3 61. Nc3 Be5 62. Na2 Bg7 63. Nb4 Kg8 1/2-1/2